 Seeded DCSS version 0.30.1-4-g462c640d31 (webtiles) character file.

Game seed: 6351066067085065685 (custom seed)

281 Esekla the Grave Robber (level 6, -1/32 HPs)
             Began as a Deep Elf Necromancer on Aug 24, 2023.
             Was a Follower of Vehumet.
             Slain by a gnoll
             ... wielding a +0 spear
             ... led by a gnoll bouda
              (8 damage)
             ... on level 4 of the Dungeon.
             The game lasted 00:16:53 (2787 turns).

Esekla the Grave Robber (Deep Elf Necromancer)      Turns: 2787, Time: 00:16:53

Health: -1/32      AC:  4    Str:  5    XL:     6   Next: 6%
Magic:  14/14      EV: 13    Int: 22    God:    Vehumet [*.....]
Gold:   195        SH:  0    Dex: 15    Spells: 5/13 levels left

rFire   . . .        a - +2 dagger (vamp)
rCold   . . .        (no shield)
rNeg    . . .        q - +0 robe
rPois   .            i - +0 helmet
rElec   .            (no cloak)
rCorr   .            k - +0 pair of gloves
SInv    .            (no boots)
Will    .....        (no amulet)
Stlth   ++           (no ring)
HPRegen 0.25/turn    (no ring)
MPRegen 0.14/turn

%: no passive effects
@: weakened
A: no striking features
a: Renounce Religion


You were on level 4 of the Dungeon.
You worshipped Vehumet.
Vehumet was aware of your devotion.
You visited 1 branch of the dungeon, and saw 4 of its levels.

You collected 195 gold pieces.

Inventory:

Hand Weapons
 a - a +2 vampiric dagger (weapon)
 r - a +0 trident
 s - the +5 rapier of the Hero {heavy, rN+ Dex+3}
   (You found it on level 3 of the Dungeon)

   Dex:       It affects your dexterity (+3).
   rN:        It protects you from negative energy.
Missiles
 t - 9 poisoned darts (quivered)
Armour
 i - a +0 helmet (worn)
 k - a +0 pair of gloves (worn)
 q - a +0 robe (worn)
Wands
 c - a wand of roots (9)
Scrolls
 f - 4 scrolls of identify {unknown}
 l - a scroll of enchant armour {unknown}
 m - a scroll of amnesia {unknown}
 n - a scroll of immolation {unknown}
 o - a scroll of fog {unknown}
 p - a scroll of blinking {unknown}
 w - 2 scrolls of enchant weapon {unknown}
 x - a scroll of summoning {unknown}
Potions
 b - a potion of magic
 d - a potion of ambrosia {unknown}
 e - 2 potions of attraction {unknown}
 g - a potion of haste {unknown}
 h - a potion of mutation {unknown}
 j - 3 potions of curing {unknown}
 u - 2 potions of brilliance {unknown}
 v - a potion of heal wounds {unknown}


   Skills:
 + Level 2.1 Short Blades
 + Level 0.5 Throwing
 * Level 4.1 Dodging
 + Level 3.3 Stealth
 * Level 4.3 Spellcasting
 * Level 5.8 Necromancy
 * Level 2.1 Translocations


You had 5 spell levels left.
You knew the following spells:

 Your Spells              Type           Power      Damage    Failure   Level
a - Necrotise             Necr           100%       1d9       1%          1
b - Kiss of Death         Conj/Necr      68%        2d10      3%          1
d - Vampiric Draining     Necr           30%        2d8       3%          3
t - Teleport Other        Tloc           14%        N/A       14%         3

Your spell library contained the following spells:

 Spells                   Type           Power      Damage    Failure   Level
 Lesser Beckoning         Tloc           28%        N/A       7%          2
 Animate Dead             Necr           30%        N/A       10%         4
 Gell's Gravitas          Tloc           14%        N/A       14%         3
 Agony                    Necr           30%        N/A       26%         5


Dungeon Overview and Level Annotations

Branches:
Dungeon (4/15)
 Temple: D:4-7

Altars:
Hepliaklqana
Okawaru
Qazlal
Trog
Vehumet
Zin
The Shining One

Shops:
D:2 =   D:4 (


Message History

a - a +2 vampiric dagger (weapon)
Unknown command.
Found a bubbling blue potion.
There is an open door here.
j - 3 bubbling blue potions (gained 1)
A dart slug comes into view.
The dart slug launches a dart at you. The slug dart misses you.
The dart slug launches a dart at you. The slug dart hits you.
The dart slug misses you.
You hit the dart slug but do no damage. You hit the dart slug.
The dart slug is heavily wounded.
The dart slug bites you but does no damage.
You hit the dart slug.
You feel better.
The dart slug is almost dead.
The dart slug completely misses you.
You hit the dart slug.
You kill the dart slug!
Vehumet accepts your kill.
A gnoll bouda comes into view. It is wielding a +0 club.
A gnoll comes into view.
It is wielding a +0 spear. 2 gnolls come into view.
The gnoll shouts! x2; The gnoll bouda shouts!
The gnoll bouda gazes fiercely through you!
You feel your attacks grow feeble.
The gnoll shouts! x2
The gnoll bouda barks out a call to the hunt!
The gnolls pick up the pace!
The gnoll shouts!
The gnoll misses you.
The gnoll hits you from afar with a +0 spear!
The gnoll hits you with a +0 club.
The gnoll hits you from afar with a +0 halberd!
The gnoll bouda barely misses you. The gnoll hits you with a +0 spear.
* * * LOW HITPOINT WARNING * * *
The gnoll barely misses you. The gnoll attacks as you move away!
The gnoll hits you with a +0 spear!
You die...

####.##.....##.............#.....
.................................
.....##....##...............#####
.....##....##...............###
.....#........................###
.....#..............##...........
####.#............g..............
.....##........ggg...............
.....#####.....g@g.#####.........
.....##.........#.'#.#.#'....##..
................###).#..##...##..
................##.._#_..#....#..
................##########....+..
................##.._#_..#....#..
.........####+#####..#..##.......
................'.'#.#.#'..#.....
..............###..#####...#.....


You could see a gnoll bouda and 5 gnolls.

Vanquished Creatures
  A black bear (D:2)
  A hound (D:3)
  An iguana (D:2)
  3 gnolls (D:2)
  4 adders
  A worm (D:4)
  3 dart slugs
  7 orcs
  4 endoplasms
  8 goblins
  5 hobgoblins
  A quokka (D:1)
  6 ball pythons
  4 bats
  4 frilled lizards
  5 kobolds
  A rat (D:1)
59 creatures vanquished.

Notes
Turn   | Place    | Note
-------+----------+-------------------------------------------
     0 | D:1      | Esekla the Deep Elf Necromancer began the quest for the
                  | Orb.
     0 | D:1      | Reached XP level 1. HP: 10/10 MP: 6/6
   339 | D:2      | Found Renulab's Jewellery Shop.
   505 | D:4      | Found a glowing silver altar of Zin.
   517 | D:4      | Found an iron altar of Okawaru.
   529 | D:4      | Found a radiant altar of Vehumet.
   533 | D:4      | Became a worshipper of Vehumet
   693 | D:3      | Reached skill level 5 in Necromancy
   821 | D:3      | Reached XP level 2. HP: 15/15 MP: 8/8
  1027 | D:3      | Identified the +5 rapier of the Hero {heavy, rN+ Dex+3}
  1222 | D:1      | Reached XP level 3. HP: 15/19 MP: 9/9
  1235 | D:1      | Learned a level 3 spell: Vampiric Draining
  1283 | D:1      | Reached * piety under Vehumet
  1283 | D:1      | Offered knowledge of Kiss of Death by Vehumet.
  1328 | D:1      | Learned a level 3 spell: Teleport Other
  1336 | D:1      | Learned a level 1 spell: Kiss of Death
  1397 | D:2      | Reached skill level 1 in Short Blades
  1432 | D:2      | Found a faded altar of an unknown god.
  1448 | D:2      | Reached XP level 4. HP: 17/24 MP: 3/11
  1529 | D:2      | Noticed a black bear
  1765 | D:2      | Reached skill level 1 in Translocations
  2037 | D:2      | Killed a black bear
  2038 | D:2      | Reached XP level 5. HP: 28/28 MP: 5/13
  2315 | D:3      | Found a stormy altar of Qazlal.
  2318 | D:3      | Found a hazy altar of Hepliaklqana.
  2318 | D:3      | Found a bloodstained altar of Trog.
  2485 | D:4      | Found Ponaysk's Antique Weapon Boutique.
  2610 | D:4      | Found a glowing golden altar of the Shining One.
  2666 | D:4      | Reached XP level 6. HP: 32/32 MP: 11/14
  2787 | D:4      | Slain by a gnoll

Illustrated notes

Levels and vault maps discovered:
D:1:      sevenhm_arrival_forest_fort_small_3, layout_rooms,
          chequers_serial_rivers_room_b, minmay_misc_feat_five
D:2:      layout_loops_ring, dreamdust_ecumenical_altar_angels_and_demons,
          serial_shops, shop
D:3:      layout_basic, grunt_temple_overflow_open, minmay_misc_feat_iff
D:4:      layout_basic, nicolae_overflow_quartered_altars, serial_shops,
          nicolae_diamond_shop

Skill      XL: |  1  2  3  4  5 |
---------------+----------------+-----
Necromancy     | 5 |  5.8
Dodging        | 3 4 |  4.1
Stealth        | 3 |  3.3
Short Blades   | 1 2 |  2.1
Translocations | 1 2 |  2.1
Spellcasting   | 4 |  4.3
Throwing       | |  0.5

Action                     |  1- 3 |  4- 6 || total
---------------------------+-------+-------++-------
  Melee: Short sword       |    35 |       ||    35
         Unarmed           |     9 |       ||     9
         Dagger            |    52 |    98 ||   150
         Rapier            |     7 |       ||     7
  Throw: Dart              |     1 |    10 ||    11
   Cast: Vampiric Draining |     3 |    10 ||    13
    Use: Scroll            |     1 |       ||     1
   Stab: Sleeping          |     3 |     1 ||     4
 Armour: Robe              |    25 |    20 ||    45
  Dodge: Dodged            |    67 |    44 ||   111
